 Dungeon Crawl Stone Soup version 0.20.1-1-g8b1a95d (webtiles) character file.

316 Lanoc the Sneak (level 6, -5/58 HPs)
             Began as an Octopode Enchanter on Dec 2, 2017.
             Was an Initiate of Dithmenos.
             Slain by a gnoll
             ... wielding a cursed +0 halberd
              (11 damage)
             ... on level 4 of the Dungeon.
             The game lasted 00:11:34 (3086 turns).

Lanoc the Sneak (Octopode Enchanter)                Turns: 3086, Time: 00:11:35

Health: -5/58      AC:  1    Str: 12    XL:     6   Next: 44%
Magic:  9/9        EV: 13    Int: 17    God:    Dithmenos [......]
Gold:   199        SH:  0    Dex: 15    Spells: 3/9 levels left

rFire    . . .     SeeInvis .   f - +0 dagger (venom)
rCold    . . .     Gourm    .   (no shield)
rNeg     . . .     Faith    .   (helmet restricted)
rPois    .         Spirit   .   (no amulet)
rElec    .         Reflect  .   (no ring)
rCorr    .         Harm     .   (no ring)
MR       .....                  (no ring)
Stlth    ..........             (no ring)
Regen    0.2/turn               (no ring)
MPRegen  0.2/turn               (no ring)
                                (no ring)
                                (no ring)

@: berserking, heavily drained, very quick
A: almost no armour, stealthy swim, amphibious, 8 rings, constrict 8, camouflage
1, gelatinous body 1
a: Renounce Religion


You were on level 4 of the Dungeon.
You worshipped Dithmenos.
Dithmenos was noncommittal.
You were not hungry.

You visited 2 branches of the dungeon, and saw 5 of its levels.

You collected 199 gold pieces.

Inventory:

Hand Weapons
 f - a +0 dagger of venom (weapon)
 s - a +0 long sword
Scrolls
 a - 2 scrolls of recharging
 e - a scroll of immolation {unknown}
 g - 5 scrolls of remove curse
 i - a scroll of magic mapping {unknown}
 k - 2 scrolls of identify
 o - 3 scrolls of teleportation {unknown}
 q - a scroll of amnesia {unknown}
 v - a scroll of noise {unknown}
Potions
 h - a potion of flight {unknown}
 j - a potion of haste {unknown}
 l - 4 potions of curing {unknown}
 p - a potion of brilliance {unknown}
 t - a potion of agility {unknown}
Books
 b - a book of Maledictions

   Spells                             Type                      Level
   a - Corona                         Hexes                        1
   b - Ensorcelled Hibernation        Hexes/Ice                    2
   c - Confuse                        Hexes                        3
   d - Tukima's Dance                 Hexes                        3
   e - Dazzling Spray                 Conjuration/Hexes            3
 n - a book of Cantrips

   Spells                             Type                      Level
   a - Confusing Touch                Hexes                        1
   b - Animate Skeleton               Necromancy                   1
   c - Summon Small Mammal            Summoning                    1
   d - Apportation                    Translocation                1
Comestibles
 c - 3 bread rations
 m - 2 royal jellies
 r - 2 meat rations
 u - 9 chunks of flesh


   Skills:
 + Level 1.9(0.5) Fighting
 + Level 2.5(1.1) Short Blades
 + Level 3.2(1.8) Dodging
 * Level 6.6(5.0) Stealth
 - Level 2.0(0.6) Spellcasting
 + Level 4.1(2.6) Hexes


You had 3 spell levels left.
You knew the following spells:

 Your Spells              Type           Power        Failure   Level  Hunger
a - Corona                Hex            #......      8%          1    ##.....
b - Ensorcelled Hibernat  Hex/Ice        #.....       19%         2    ###....
c - Tukima's Dance        Hex            #.......     22%         3    ####...


Dungeon Overview and Level Annotations

Branches:
Dungeon (4/15)             Temple (1/1) D:4

Altars:
Ashenzari
Cheibriados
Dithmenos
Elyvilon
Fedhas
Gozag
Hepliaklqana
Kikubaaqudgha
Makhleb
Nemelex Xobeh
Okawaru
Qazlal
Ru
Sif Muna
Trog
Uskayaw
Vehumet
Xom
Yredelemnul
Zin
The Shining One


Innate Abilities, Weirdness & Mutations

You cannot wear most types of armour.
You are very stealthy in the water. (Stealth+)
You are amphibious.
You can wear up to eight rings at the same time.
You can use your tentacles to constrict eight enemies at once.
Your skin changes colour to match your surroundings (Stealth+).
Your rubbery body absorbs attacks. (AC +1, EV +1)


Message History

The gnoll hits you from afar with a halberd!
* * * LOW HITPOINT WARNING * * *
A red film seems to cover your vision as you go berserk!
You feel yourself moving faster!
You feel mighty!
You constrict the gnoll. The gnoll hits you with a quarterstaff.
* * * LOW HITPOINT WARNING * * *
The gnoll hits you from afar with a halberd.
* * * LOW HITPOINT WARNING * * *
You hit the gnoll.
You kill the gnoll!
Dithmenos accepts your kill. The gnoll closely misses you.
You see here a quarterstaff.
You puncture the gnoll!
The gnoll looks as sick as possible!
Your grab misses the gnoll.
The gnoll is severely wounded.
You closely miss the gnoll. Your grab misses the gnoll.
The gnoll is almost dead.
The gnoll hits you with a halberd!
You die...

.##.#..##.##....)# #.##..#
##.###
.##..............###.##..#
#.#
.#####.##.##..........#..#
#.# .#
#.##.##.....###...... ..#
.# #.##.######## ##.#..#
### .# #........# .#.##
#.[#####.# # [.
#<..####.#########.#
#....##....@ggg....#
##.##.##.##.#######.#
###.........#.#
#............(#
#.#..⌠...⌠..#.#
#.#.........#.#
#......>......#
##.#.........###
...#..⌠.).⌠..##


You could see 3 gnolls.

Vanquished Creatures
  A centaur (D:3)
  A bullfrog skeleton (D:4)
  An orc priest (D:3)
  A worker ant (D:4)
  2 gnolls
  4 adders
  An ooze (D:3)
  4 worms
  5 dart slugs
  7 orcs
  3 ball pythons
  2 giant cockroaches (D:3)
  5 goblins
  6 hobgoblins
  6 jackals (D:2)
  3 kobolds (D:1)
  3 quokkas
  6 bats
  8 frilled lizards
  9 rats
78 creatures vanquished.

Notes
Turn   | Place    | Note
-------+----------+-------------------------------------------
     0 | D:1      | Lanoc the Octopode Enchanter began the quest for the Orb.
     0 | D:1      | Reached XP level 1. HP: 11/11 MP: 3/3
     7 | D:1      | Reached XP level 2. HP: 18/18 MP: 5/5
    50 | D:1      | Learned a level 2 spell: Ensorcelled Hibernation
   409 | D:1      | Reached XP level 3. HP: 22/22 MP: 6/6
   491 | D:1      | Reached skill level 1 in Fighting
  1392 | D:2      | Reached skill level 5 in Stealth
  1467 | D:2      | Reached XP level 4. HP: 17/28 MP: 0/7
  1912 | D:3      | Reached XP level 5. HP: 21/33 MP: 8/8
  2298 | D:3      | Learned a level 3 spell: Tukima's Dance
  2354 | D:3      | Noticed a centaur
  2367 | D:3      | Killed a centaur
  2367 | D:3      | Reached skill level 6 in Stealth
  2367 | D:3      | Reached XP level 6. HP: 14/38 MP: 2/9
  2921 | D:4      | Found a staircase to the Ecumenical Temple.
  2969 | Temple   | Entered the Ecumenical Temple
  3056 | Temple   | Became a worshipper of Dithmenos the Shadowed
  3086 | D:4      | Slain by a gnoll

Skill      XL: |  1  2  3  4  5  6 |
---------------+-------------------+-----
Fighting       | 1 |  1.9
Stealth        | 5 6 |  6.6
Short Blades   | 2 |  2.5
Dodging        | 3 |  3.2
Hexes          | 4 |  4.1
Spellcasting   | |  2.0

Action                   |  1- 3 |  4- 6 || total
-------------------------+-------+-------++-------
Melee: Dagger            |    51 |   122 ||   173
       Constrict         |    11 |    32 ||    43
       Tentacles         |     6 |    17 ||    23
 Cast: Ensorcelled Hiber |     5 |     7 ||    12
  Use: Scroll            |     3 |       ||     3
       Potion            |     2 |     1 ||     3
 Stab: Sleeping          |    16 |     9 ||    25
       Distracted        |       |     2 ||     2
  Eat: Meat ration       |     1 |       ||     1
       Chunk             |       |     3 ||     3
Armor: Skin              |     3 |    10 ||    13
Dodge: Dodged            |    15 |    85 ||   100
